 Dungeon Crawl Stone Soup version 0.20-a0-839-gdaf5c57 (webtiles) character file.

481 4thArraOfDagon the Poker (level 6, -3/48 HPs)
             Began as a Mummy Wanderer on Mar 8, 2017.
             Was a Follower of Okawaru.
             Slain by Menkaure (14 damage)
             ... on level 7 of the Dungeon.
             The game lasted 00:06:25 (2175 turns).

4thArraOfDagon the Poker (Mummy Wanderer)           Turns: 2175, Time: 00:06:26

Health: -3/48      AC: 10    Str: 16    XL:     6   Next: 87%
Magic:  5/7        EV:  9    Int: 12    God:    Okawaru [*.....]
Gold:   128        SH:  6    Dex: 12    Spells: 5/5 levels left

rFire    x . .     SeeInvis .   a - +2 spear
rCold    + + .     Gourm    .   e - +0 chain mail
rNeg     + + +     Faith    .   d - +0 buckler (curse)
rPois    ∞         Spirit   .   (no helmet)
rElec    .         Reflect  .   (no cloak)
rCorr    .         Harm     .   (no gloves)
MR       .....                  (no boots)
Stlth    ..........             (no amulet)
Regen    0.2/turn               (no ring)
MPRegen  0.1/turn               h - ring of protection from cold

@: heroism
A: no food or potions, fire vulnerability, cold resistance 1, negative energy
resistance 3, torment resistance, unbreathing
a: Heroism, Renounce Religion


You were on level 7 of the Dungeon.
You worshipped Okawaru.
Okawaru was aware of your devotion.
You were not hungry.

You visited 2 branches of the dungeon, and saw 8 of its levels.

You collected 128 gold pieces.

Inventory:

Hand Weapons
 a - a +2 spear (weapon)
Armour
 c - a +0 robe
 d - a cursed +0 buckler (worn)
 e - a +0 chain mail (worn)
 f - a cursed -1 robe
Jewellery
 h - a ring of protection from cold (left hand)
Wands
 j - a wand of iceblast (9/15)
Scrolls
 g - a scroll of amnesia
 i - a scroll of immolation


   Skills:
 - Level 4.0(9.0) Fighting
 * Level 4.8(9.8) Polearms
 - Level 2.4(7.4) Armour
 + Level 3.3(8.3) Shields
 + Level 1.9 Invocations


You had 5 spell levels left.
You didn't know any spells.

Dungeon Overview and Level Annotations

Branches:
Dungeon (7/15)             Temple (1/1) D:6

Altars:
Ashenzari
Cheibriados
Elyvilon
Hepliaklqana
Okawaru
Trog
Uskayaw
Vehumet
Wu Jian

Annotations:
D:4 Eustachio, Robin
D:7 Menkaure


Innate Abilities, Weirdness & Mutations

You do not eat or drink.
Your flesh is vulnerable to fire.
You are immune to poison.
Your flesh is cold resistant. (rC+)
You are immune to negative energy. (rN+++)
You are immune to unholy pain and torment.
You can survive without breathing.


Message History

You puncture Menkaure!
Menkaure is moderately damaged.
You hit Menkaure.
Menkaure is heavily damaged.
Menkaure hits you but does no damage.
You puncture Menkaure!
Menkaure is severely damaged.
You hit Menkaure.
Menkaure is severely damaged.
Menkaure casts a spell.
Menkaure seems to speed up.
You barely miss Menkaure.
Menkaure is severely damaged.
Menkaure closely misses you.
You hit Menkaure but do no damage.
Menkaure is severely damaged.
You hit Menkaure.
Menkaure is severely damaged.
Menkaure hits you!
You die...

# # # ######## #
#......# # #......####
#########.........#
#.......#.........#
#####M@.....#.........#
.....'.......'.........)
######$.%....#.........#
#.......###########
#.......# #.......#
#########


You could see Menkaure.

Vanquished Creatures
  A sky beast (D:7)
  2 slaves (D:6)
  A centaur (D:7)
  2 crimson imps
  An orc priest (D:5)
  3 orc wizards
  An iguana (D:6)
  2 gnolls (D:2)
  4 adders
  An ooze (D:3)
  2 dart slugs
  A leopard gecko (D:1)
  4 orcs
  2 giant cockroaches
  4 goblins
  3 hobgoblins
  A jackal (D:3)
  3 kobolds
  A quokka (D:2)
  A ball python (D:3)
  3 bats
  3 frilled lizards
  5 rats
51 creatures vanquished.

Notes
Turn   | Place    | Note
-------+----------+-------------------------------------------
     0 | D:1      | 4thArraOfDagon the Mummy Wanderer began the quest for the Orb.
     0 | D:1      | 4thArraOfDagon set off with: a +2 spear, 2 scrolls of teleportation, a +0 robe
     0 | D:1      | Reached XP level 1. HP: 19/19 MP: 1/1
   101 | D:1      | Reached XP level 2. HP: 14/25 MP: 2/2
   343 | D:2      | Found an ornate altar of the Wu Jian Council.
   441 | D:2      | Reached XP level 3. HP: 24/30 MP: 3/3
   650 | D:3      | Reached XP level 4. HP: 22/37 MP: 4/4
   835 | D:4      | Noticed Eustachio
   837 | D:4      | Noticed Robin
   837 | D:5      | Entered Level 5 of the Dungeon
  1133 | D:6      | Noticed Menkaure
  1133 | D:6      | Noticed a centaur
  1178 | D:5      | Reached XP level 5. HP: 32/42 MP: 5/5
  1221 | D:5      | Noticed an ice beast
  1301 | D:5      | Noticed a sky beast
  1325 | D:6      | Noticed a slave
  1325 | D:6      | Noticed a slave
  1355 | D:6      | Killed a slave
  1365 | D:6      | Killed a slave
  1634 | D:6      | Found a staircase to the Ecumenical Temple.
  1643 | Temple   | Entered the Ecumenical Temple
  1648 | Temple   | Became a worshipper of Warmaster Okawaru
  1733 | D:6      | Reached skill level 1 in Invocations
  1733 | D:6      | Reached XP level 6. HP: 37/48 MP: 6/6
  2093 | D:7      | Noticed a sky beast
  2111 | D:7      | Reached * piety under Okawaru
  2133 | D:7      | Killed a sky beast
  2175 | D:7      | Slain by Menkaure

Vault maps used:
D:1:      dpeg_arrival_water_temple_mockup, serial_bayou_pond_c
D:2:      lemuel_crystal_altar, minmay_misc_feat_roman
D:3:      st_stairs_12
D:4:      first_bread, minmay_misc_feat_nine_boxes, minmay_stone_trees_medium,
          serial_bayou_pond_d, uniq_blork_the_orc, uniq_eustachio, uniq_robin
D:5:      nrook_pool_corridor, serial_bayou_ford_a, kennysheep_boxes
D:6:      minmay_temple_entry_glass, basic_altar, minivault_19, uniq_menkaure,
          uniq_sigmund, uniq_pikel, uniq_grinder
D:7:      serial_shops, shop_fountains, uniq_duvessa
Temple:   compressed_dpeg_triangle_lava_temple

Skill      XL: |  1  2  3  4  5  6 |
---------------+-------------------+-----
Polearms       | 2 3 4 |  4.8
Shields        | 2 3 |  3.3
Invocations    | 1 |  1.9
Fighting       | |  4.0
Armour         | |  2.4

Action                   |  1- 3 |  4- 6 || total
-------------------------+-------+-------++-------
Melee: Spear             |   113 |   198 ||   311
Invok: Heroism           |       |     2 ||     2
  Use: Scroll            |       |     4 ||     4
 Stab: Sleeping          |     1 |       ||     1
Armor: Robe              |     3 |       ||     3
       Chain mail        |    23 |    66 ||    89
Dodge: Dodged            |    33 |    44 ||    77
Block: Buckler           |     9 |    23 ||    32
